 Dungeon Crawl Stone Soup version 0.27.1-33-g824d729ab1 (webtiles) character file.

Game seed: 14178852008216062382

41821 halfoni the Cleaver (level 14, -14/108 HPs)
             Began as a Human Berserker on Dec 13, 2021.
             Was a High Priest of Trog.
             Demolished by a catoblepas (23 damage)
             ... on level 6 of the Lair of Beasts.
             The game lasted 00:52:56 (18348 turns).

halfoni the Cleaver (Human Berserker)              Turns: 18348, Time: 00:52:57

Health: -14/108    AC: 27    Str: 21    XL:     14   Next: 52%
Magic:  0/14       EV: 13    Int:  7    God:    Trog [*****.]
Gold:   937        SH:  0    Dex: 24    Spells: 13/13 levels left

rFire    . . .     SeeInvis .   t - +4 battleaxe (flame)
rCold    . . .     Faith    .   (shield currently unavailable)
rNeg     . . .     Spirit   +   E - +2 plate armour
rPois    .         Reflect  .   B - +0 helmet
rElec    .         Harm     .   e - +0 cloak
rCorr    .         Rampage  .   O - +0 pair of fencer's gloves {Riposte Dex+3}
Will     +....                  D - +0 pair of boots
Stlth    ..........             l - amulet of guardian spirit
HPRegen  0.28/turn              h - +6 ring of dexterity
MPRegen  0.14/turn              y - +4 ring of protection

@: about to teleport, on berserk cooldown, slowed, very slow
A: no striking features
a: Renounce Religion, Berserk, Trog's Hand, Brothers in Arms


You were on level 6 of the Lair of Beasts.
You worshipped Trog.
Trog was extremely pleased with you.
You visited 2 branches of the dungeon, and saw 16 of its levels.
You also visited: Sewer.

You collected 937 gold pieces.

Inventory:

Hand Weapons
 s - a +3 war axe
 t - a +4 battleaxe of flaming (weapon)
Armour
 a - a +2 pair of gloves of strength
 b - a +1 buckler
 e - a +0 cloak (worn)
 w - a +0 chain mail of cold resistance
 B - a +0 helmet (worn)
 D - a +0 pair of boots (worn)
 E - a +2 plate armour (worn)
 O - the +0 pair of fencer's gloves (worn) {Riposte Dex+3}
   (You found it on level 3 of the Lair of Beasts)

   It allows the wearer to riposte with any weapon, or to riposte more often
   with a long blade, swiftly retaliating against a missed attack.
   Dex:       It affects your dexterity (+3).
Magical Staves
 f - a staff of air
Jewellery
 d - a ring of protection from cold
 h - a +6 ring of dexterity (left hand)
 i - an amulet of regeneration
 l - an amulet of guardian spirit (around neck)
 y - a +4 ring of protection (right hand)
Wands
 M - a wand of charming (19)
 P - a wand of digging (4)
Scrolls
 c - 2 scrolls of enchant weapon
 g - a scroll of teleportation
 k - a scroll of enchant armour
 p - a scroll of identify
 x - 2 scrolls of magic mapping
 G - a scroll of fog
 L - a scroll of summoning
Potions
 j - 2 potions of brilliance
 m - a potion of cancellation
 n - a potion of flight
 q - a potion of resistance
 r - 2 potions of invisibility
 u - a potion of might
 v - 2 potions of heal wounds
 z - a potion of ambrosia
 A - 7 potions of curing
 F - 2 potions of magic {unknown}
 H - a potion of mutation {unknown}
 J - a potion of berserk rage {unknown}
 K - 2 potions of attraction {unknown}
 N - a potion of haste {unknown}
Miscellaneous
 o - a tin of tremorstones (2/2)


   Skills:
 + Level 9.1 Fighting
 + Level 14.1 Axes
 * Level 11.7 Armour
 * Level 10.3 Dodging
 * Level 9.2 Shields


You had 13 spell levels left.
You didn't know any spells.
Your spell library was empty.

Dungeon Overview and Level Annotations

Branches:
Dungeon (10/15)            Temple (0/1) D:7            Lair (6/6) D:9
  Swamp (0/4) Lair:2        Snake (0/4) Lair:3        Sewer (visited)
  Slime: Lair:5-6       Orc: D:9-12

Altars:
Cheibriados
Elyvilon
Fedhas
Gozag
Kikubaaqudgha
Okawaru
Ru
Trog
Vehumet
Yredelemnul


Message History

The catoblepas breathes a plume of calcifying dust at you.
The blast of calcifying dust hits you but does no damage.
You are engulfed in calcifying dust.
The death yak gores you. The catoblepas gores you. The death yak gores you.
The catoblepas gores you but does no damage.
The death yak gores you.
The catoblepas gores you but does no damage.
The death yak gores you. The catoblepas gores you!! The death yak gores you.
The catoblepas gores you!!
A wolf comes into view.
The death yak gores you!! The catoblepas gores you!!
The wolf howls!
The death yak gores you.
The catoblepas gores you but does no damage.
The death yak gores you but does no damage.
The catoblepas gores you but does no damage.
The death yak gores you but does no damage.
The catoblepas barely misses you.
You turn to flesh and can move again.
As you read the scroll of teleportation, it crumbles to dust.
You feel strangely unstable.
The death yak gores you but does no damage.
The catoblepas gores you!
* * * LOW HITPOINT WARNING * * *
The death yak gores you!
* * * LOW HITPOINT WARNING * * *
The catoblepas gores you but does no damage.
You slice the catoblepas!! You burn the catoblepas.
The catoblepas is almost dead.
You hit the death yak but do no damage.
The death yak gores you but does no damage.
The catoblepas gores you!
* * * LOW HITPOINT WARNING * * *
You hit the catoblepas. You burn the catoblepas.
The catoblepas is almost dead.
You slash the death yak! You burn the death yak. The death yak gores you.
* * * LOW HITPOINT WARNING * * *
The catoblepas gores you!!
You die...

### ###.#
#####P..##
......P.#
##..♣..#
#..YYY#
#...h#@##
#......#..##
.......##..##
8..#... #...#
.. #... #...#
. ##.. #..P#
#.. #...#
#..## ##..#


You could see 2 death yaks and a catoblepas.

Vanquished Creatures
  The ghost of Juirae the Grappler, a journeyman TrMo of Wu Jian (Lair:4)
  Snorg (Lair:4)
  A catoblepas (Lair:5)
  6 hydras
  A death yak (Lair:6)
  Pikel (D:6)
  14 elephants
  4 black mambas
  Maurice (D:9)
  2 torpor snails
  17 cane toads
  2 rime drakes
  13 komodo dragons
  A tyrant leech (Lair:5)
  3 polar bears
  2 hornets (D:9)
  Grinder (D:3)
  10 blink frogs
  7 dream sheep
  Sigmund (D:2)
  24 yaks
  3 wyverns
  6 basilisks
  A steam dragon (D:9)
  Menkaure (D:7)
  2 nagas (Lair:3)
  4 swamp worms (Lair:5)
  13 water moccasins
  Duvessa (D:6)
  3 orc warriors
  3 ice beasts
  5 black bears
  3 necrophages
  4 centaurs
  11 wolves
  A lemure (D:6)
  A phantom (D:4)
  2 kobold brigands (D:9)
  15 bullfrogs
  A gnoll sergeant (D:9)
  7 scorpions
  A water moccasin skeleton (D:5)
  Dowan (D:6)
  17 killer bees
  2 howler monkeys (D:8)
  18 wights
  3 centaur zombies
  2 orc priests
  5 hounds
  3 bullfrog skeletons (D:6)
  A gnoll shaman (D:8)
  6 jellies
  A scorpion zombie (D:5)
  6 orc wizards
  An iguana (D:6)
  6 hell rats (Lair:5)
  A killer bee zombie (D:7)
  A hound zombie (D:5)
  10 gnolls
  2 howler monkey zombies
  12 adders
  2 shadow imps
  A white imp (D:7)
  2 adder skeletons (D:4)
  3 dart slugs (D:2)
  26 orcs
  4 endoplasms
  13 giant cockroaches
  4 goblins
  5 hobgoblins
  12 kobolds
  6 quokkas
  5 ball pythons
  6 bats
  10 frilled lizards
  3 rats
  A bush (Lair:3)
  A butterfly (D:7)
403 creatures vanquished.

Vanquished Creatures (others)
  54 fungi
  67 plants
121 creatures vanquished.

Grand Total: 524 creatures vanquished

Notes
Turn   | Place    | Note
-------+----------+-------------------------------------------
     0 | D:1      | halfoni the Human Berserker began the quest for the Orb.
     0 | D:1      | Reached XP level 1. HP: 18/18 MP: 1/1
   301 | D:1      | Reached XP level 2. HP: 24/24 MP: 2/2
   450 | D:1      | Found a faded altar of an unknown god.
   688 | D:1      | Reached XP level 3. HP: 24/29 MP: 3/3
   815 | D:1      | Reached ** piety under Trog
  1223 | D:2      | Noticed Sigmund
  1235 | D:2      | Killed Sigmund
  1236 | D:2      | Reached skill level 4 in Axes
  1236 | D:2      | Reached XP level 4. HP: 37/37 MP: 4/4
  1236 | D:2      | Reached XP level 5. HP: 42/42 MP: 5/5
  1236 | D:2      | Reached XP level 6. HP: 48/48 MP: 6/6
  1744 | D:3      | Noticed a water moccasin
  1753 | D:3      | Killed a water moccasin
  1754 | D:3      | Reached skill level 5 in Axes
  2014 | D:3      | Found an ancient bone altar of Kikubaaqudgha.
  2171 | D:3      | Found a basalt altar of Yredelemnul.
  2214 | D:3      | Found an iron altar of Okawaru.
  2268 | D:3      | Noticed Grinder
  2280 | D:3      | Paralysed by Grinder for 4 turns
  2441 | D:3      | Reached XP level 7. HP: 54/54 MP: 7/7
  2504 | D:3      | Paralysed by Grinder for 2 turns
  2509 | D:3      | Killed Grinder
  2729 | D:4      | Reached skill level 6 in Axes
  2742 | D:4      | Found an opulent altar of Gozag.
  2837 | D:4      | Reached XP level 8. HP: 60/60 MP: 8/8
  2990 | D:4      | Reached *** piety under Trog
  3016 | D:4      | Reached skill level 5 in Armour
  3041 | D:4      | Found a sacrificial altar of Ru.
  3046 | D:4      | Found a white marble altar of Elyvilon.
  3046 | D:4      | Found a blossoming altar of Fedhas.
  3059 | D:4      | Found a bloodstained altar of Trog.
  3063 | D:4      | Found a snail-covered altar of Cheibriados.
  3446 | D:5      | Entered Level 5 of the Dungeon
  3460 | D:5      | Reached skill level 7 in Axes
  3460 | D:5      | Reached skill level 1 in Shields
  3513 | D:5      | Reached XP level 9. HP: 61/66 MP: 9/9
  3604 | D:5      | Reached skill level 5 in Dodging
  3626 | D:5      | Found a glowing drain.
  3662 | Sewer    | Entered a sewer
  3712 | Sewer    | Reached **** piety under Trog
  4434 | D:5      | Reached skill level 5 in Fighting
  4918 | D:6      | Reached skill level 8 in Axes
  5096 | D:6      | Noticed Dowan
  5096 | D:6      | Noticed Duvessa
  5106 | D:6      | Killed Dowan
  5111 | D:6      | Killed Duvessa
  5154 | D:6      | Noticed Pikel
  5169 | D:6      | Killed Pikel
  5170 | D:6      | Reached XP level 10. HP: 74/74 MP: 10/10
  5473 | D:6      | Reached skill level 9 in Axes
  6075 | D:7      | Found a staircase to the Ecumenical Temple.
  6313 | D:7      | Reached ***** piety under Trog
  6597 | D:7      | Noticed Menkaure
  6604 | D:7      | Killed Menkaure
  8361 | D:9      | Noticed Maurice
  8395 | D:9      | Killed Maurice
  8453 | D:9      | Received a gift from Trog
  8454 | D:9      | Reached XP level 11. HP: 81/81 MP: 11/11
  8459 | D:9      | Reached skill level 10 in Axes
  8469 | D:9      | Reached skill level 5 in Shields
  8790 | D:9      | Found a radiant altar of Vehumet.
  8833 | D:9      | Found a staircase to the Lair.
  9183 | D:9      | Paralysed by a hornet for 3 turns
  9583 | D:10     | Entered Level 10 of the Dungeon
  9631 | Lair:1   | Entered Level 1 of the Lair of Beasts
  9736 | Lair:1   | Noticed a four-headed hydra
  9833 | D:9      | Killed a one-headed hydra
 10870 | Lair:1   | Reached skill level 11 in Axes
 11011 | Lair:2   | Found an opulent altar of Gozag.
 11259 | Lair:2   | Noticed an eight-headed hydra
 11273 | Lair:2   | Killed a three-headed hydra
 11274 | Lair:2   | Reached XP level 12. HP: 89/89 MP: 12/12
 11380 | Lair:2   | Noticed an eight-headed hydra
 11385 | Lair:2   | Killed a four-headed hydra
 11922 | Lair:2   | Reached skill level 12 in Axes
 11941 | Lair:2   | Received a gift from Trog
 12045 | Lair:2   | Found a staircase to the Swamp.
 12209 | Lair:3   | Found the +0 pair of fencer's gloves {Riposte Dex+3}
 12269 | Lair:3   | Reached skill level 10 in Armour
 12675 | Lair:3   | Reached XP level 13. HP: 83/96 MP: 13/13
 12809 | Lair:3   | Found a staircase to the Snake Pit.
 14007 | Lair:4   | Noticed a six-headed hydra
 14013 | Lair:4   | Killed a three-headed hydra
 14113 | Lair:4   | Reached skill level 13 in Axes
 14383 | Lair:4   | Found a large runed translucent door.
 14383 | Lair:4   | Found a large runed translucent door.
 14480 | Lair:4   | Noticed Snorg
 14492 | Lair:4   | Killed Snorg
 14640 | Lair:4   | Noticed Juirae's ghost (journeyman TrMo)
 14666 | Lair:4   | Killed Juirae's ghost
 15339 | Lair:5   | Noticed a seven-headed hydra
 15345 | Lair:5   | Killed a three-headed hydra
 15791 | Lair:5   | Noticed a catoblepas
 15803 | Lair:5   | Killed a catoblepas
 15804 | Lair:5   | Reached XP level 14. HP: 94/106 MP: 11/14
 16578 | Lair:6   | Entered Level 6 of the Lair of Beasts
 16970 | Lair:5   | Reached skill level 10 in Dodging
 17062 | Lair:6   | Received a gift from Trog
 17412 | Lair:6   | Reached skill level 14 in Axes
 18348 | Lair:6   | Demolished by a catoblepas

Illustrated notes

Levels and vault maps discovered:
D:1:      lemuel_arrival_river_ford, layout_rooms,
          dreamdust_ecumenical_altar_angels_and_demons
D:2:      layout_basic, mrwooster_statue_mirror, st_stairs_12, nrook_campfire,
          minmay_misc_feat_x, uniq_sigmund
D:3:      layout_basic, mainiacjoe_overflow_catwalk_spiral,
          mainiacjoe_overflow_small_starburst, palyth_stone_intersect,
          minmay_splitting_lines, minmay_misc_feat_five, minmay_checkerbox,
          uniq_grinder
D:4:      layout_rooms, minmay_overflow_temple_star_hex,
          mainiacjoe_overflow_24_doors, kennysheep_boxes
D:5:      layout_rooms, portal_sewer_entry_f, minmay_liquid_box
D:6:      layout_basic, uniq_pikel, uniq_duvessa
D:7:      layout_basic, minmay_temple_entry_butterflies, uniq_menkaure
D:8:      layout_basic
D:9:      layout_basic, lemuel_coloured_pillars_altar,
          grunt_lair_entry_orc_guard_hut, hangedman_abyss_or_decor_passed,
          uniq_maurice
D:10:     layout_roguey, nicolae_tso_carved_into_rock,
          riverfiend_overflow_shadow_ancestor, uniq_joseph
Lair:1:   layout_hall_layers, infiniplex_staircase_pool
Lair:2:   nzn_winding_woodlands_three_and_one
          [nzn_winding_woodlands_5x15_pathside_ponds,
          nzn_winding_woodlands_5x15_jagged,
          nzn_winding_woodlands_5x15_sawtooth,
          nzn_winding_woodlands_center_garden], layout_hall_layers,
          swamp_mist_pool, special_room [special_room_bee],
          gauntlet_entry_generic, basic_altar
Lair:3:   layout_cave_shapes, guppyfry_snake_entry_garden, enter_volcano_2
Lair:4:   layout_regular_city, ebering_ghost_disaster_area,
          kennysheep_basilisk_garden, uniq_snorg
Lair:5:   layout_loops_ring, chequers_serial_rivers_micro_b, st_stairs_12,
          minmay_stone_trees_medium, worms_lemuel, infiniplex_staircase_pool_2
Lair:6:   grunt_lair_end_beastmaster, layout_cave_pods,
          nicolae_slime_entry_slimehenge

Skill      XL: |  1  2  3  4  5  6  7  8  9 10 11 12 13 14 |
---------------+-------------------------------------------+-----
Axes           | 4 5 6 7 8 9 11 12 13 14 | 14.1
Dodging        | 3 4 6 7 8 9 10 | 10.3
Armour         | 3 4 5 6 7 9 10 11 | 11.7
Fighting       | 4 5 6 7 8 9 |  9.1
Shields        | 1 3 4 6 7 8 9 |  9.2

Action                   |  1- 3 |  4- 6 |  7- 9 | 10-12 | 13-15 || total
-------------------------+-------+-------+-------+-------+-------++-------
Melee: Hand axe          |    82 |    63 |   297 |   184 |       ||   626
       War axe           |       |       |       |   221 |       ||   221
       Battleaxe         |       |       |       |   235 |   312 ||   547
Invok: Berserk           |     1 |     2 |    13 |    22 |     8 ||    46
  Use: Scroll            |       |       |    13 |    12 |     7 ||    32
       Potion            |       |       |     1 |       |       ||     1
Armor: Animal skin       |    11 |       |       |       |       ||    11
       Ring mail         |     4 |    24 |    79 |       |       ||   107
       Chain mail        |       |       |     2 |    93 |       ||    95
       Plate armour      |       |       |       |   377 |   274 ||   651
Dodge: Dodged            |    49 |    60 |   160 |   465 |   217 ||   951
Block: Buckler           |       |       |    48 |   182 |       ||   230
       Rpst.: Battleaxe  |       |       |       |       |    52 ||    52
